 Dungeon Crawl Stone Soup version 0.21.1-1-g345015f (webtiles) character file.

7 Monsterracer the Skirmisher (level 2, -1/19 HPs)
             Began as a Kobold Chaos Knight on June 2, 2018.
             Killed from afar by a dart slug (6 damage)
             ... with a slug dart
             ... on level 1 of the Dungeon.
             The game lasted 00:00:27 (197 turns).

Monsterracer the Skirmisher (Kobold Chaos Knight)    Turns: 197, Time: 00:00:28

Health: -1/19      AC:  5    Str:  9    XL:     2   Next: 10%
Magic:  2/2        EV: 14    Int: 13    God:    Xom [..*...]
Gold:   22         SH:  0    Dex: 14    Spells: 1/1 levels left

rFire    . . .     SeeInvis .   a - +0 mace (chaos)
rCold    . . .     Gourm    .   (shield restricted)
rNeg     . . .     Faith    .   b - +2 leather armour
rPois    .         Spirit   .   (no helmet)
rElec    .         Reflect  .   (no cloak)
rCorr    .         Harm     .   (no gloves)
MR       .....                  (no boots)
Stlth    +.........             (no amulet)
HPRegen  0.06/turn              (no ring)
MPRegen  0.08/turn              (no ring)

@: no status effects
A: small, carnivore
a: Renounce Religion


You were on level 1 of the Dungeon.
You worshipped Xom.
You were a toy of Xom.
You were full.

You visited 1 branch of the dungeon, and saw 1 of its levels.

You collected 22 gold pieces.

Inventory:

Hand Weapons
 a - a +0 mace of chaos (weapon)
Armour
 b - a +2 leather armour (worn)
Comestibles
 c - a ration


   Skills:
 + Level 3.4 Fighting
 * Level 3.0 Maces & Flails
 - Level 0.7 Armour
 + Level 2.6 Dodging


You had one spell level left.
You didn't know any spells.

Dungeon Overview and Level Annotations

Branches:
Dungeon (1/15)

Altars:


Innate Abilities, Weirdness & Mutations

You are small and have problems with some larger weapons.
You are carnivorous and can eat meat at any time.


Message History

The hobgoblin hits you but does no damage.
Things that are here:
a club; a hobgoblin corpse You hit the hobgoblin.
You kill the hobgoblin!
The dart slug launches a dart at you. The slug dart hits you!
You see here a club.
The dart slug misses you.
You hit the dart slug.
The dart slug appears confused.
The dart slug is lightly wounded.
You hit the dart slug. You burn the dart slug.
The dart slug is moderately wounded.
The dart slug barely misses you.
You hit the dart slug. You burn the dart slug.
The dart slug is severely wounded.
You hit the dart slug.
You kill the dart slug!
You have reached level 2!
You regained 4 hp, and now have 15/19 hp.
MP restored: 2 Your extra speed is starting to run out.
You feel yourself slow down.
HP restored.
You see here a club.
You butcher the hobgoblin corpse.
d - 3 chunks of flesh You see here a club. x2
Eating one of 3 chunks of flesh.
You eat one of the 3 chunks of flesh.
This raw flesh tastes great.
Eating one of 2 chunks of flesh.
You eat one of the 2 chunks of flesh.
This raw flesh tastes great.
Eating a chunk of flesh.
You eat the chunk of flesh.
This raw flesh tastes great.
You see here a club.
There is a stone staircase leading down here.
You open the door.
There is an open door here.
There is an open door here.
There is a stone staircase leading down here.
You open the door.
There is an open door here.
You now have 14 gold pieces (gained 10).
You open the door.
There is an open door here.
You now have 22 gold pieces (gained 8).
A dart slug comes into view.
Health restored: 19 A dart slug is nearby!
A dart slug is nearby!
A goblin comes into view. It is wielding a club.
The goblin shouts!
The dart slug launches a dart at you. The slug dart hits you!
You take 1 damage, and have 18/19 hp.
The dart slug launches a dart at you. The slug dart hits you!
You hit the dart slug. Strange energies run through your body.
The dart slug is moderately wounded.
The goblin misses you.
You hit the dart slug.
The dart slug is severely wounded.
The dart slug bites you but does no damage.
The goblin hits you with a club.
A kobold comes into view.
You take 5 damage, and have 13/19 hp.
MASSIVE DAMAGE!!
You are too injured to fight recklessly!
You are too injured to fight recklessly!
You are too injured to fight recklessly!
The kobold shouts!
You hear an angry hiss.
You closely miss the goblin. The goblin hits you with a club.
The kobold throws a stone.
The stone hits you but does no damage.
You take 3 damage, and have 10/19 hp.
You barely miss the goblin. The goblin barely misses you.
The kobold throws a stone.
The stone hits you but does no damage.
You closely miss the goblin. The goblin hits you with a club.
* * * LOW HITPOINT WARNING * * *
The kobold throws a stone.
The stone barely misses you. The dart slug completely misses you.
The goblin completely misses you.
The kobold throws a stone.
The stone completely misses you.
Xom smirks.
You feel aware of your surroundings. The dart slug launches a dart at you.
The slug dart hits you!
* * * LOW HITPOINT WARNING * * *
The kobold throws a stone.
The stone hits you.
* * * LOW HITPOINT WARNING * * *
Found a dagger.
Found a stone staircase leading down.
You see here a stone.
You take 5 damage, and have 5/19 hp.
MASSIVE DAMAGE!!
Found a leather armour and a dagger.
A bat comes into view.
You hit the goblin. You freeze the goblin.
You kill the goblin!
Your Maces & Flails skill increases to level 3! "Hum-dee-hum-dee-hum..."
The bat evaporates and reforms as a goblin!
The dart slug launches a dart at you. The slug dart hits you!
You die...

.# .#### #####.. ..#
#....#* #.#######
#....# #.......#
#######....####..[...)#
......'....+ .....>...#
#######....#*
#.....).##
####.####)@..g...#
#..w(..#..###.#
#..#..##..... #
#####..#.K#,....## .
#......#..# ###.# .
...##...#.K. ,... .
#..........,,... ,
#.......... ..
#.......... ,


You could see a dart slug, a goblin and a kobold.

Vanquished Creatures
  A dart slug (D:1)
  A goblin (D:1)
  2 hobgoblins (D:1)
  A frilled lizard (D:1)
5 creatures vanquished.

Notes
Turn   | Place    | Note
-------+----------+-------------------------------------------
     0 | D:1      | Monsterracer the Kobold Chaos Knight began the quest for the Orb.
     0 | D:1      | Reached XP level 1. HP: 14/14 MP: 1/1
    26 | D:1      | XOM: potion effect (haste)
    46 | D:1      | Reached XP level 2. HP: 15/19 MP: 2/2
   192 | D:1      | HP: 9/19 [goblin/club (1)]
   193 | D:1      | XOM: divination: magic mapping
   197 | D:1      | XOM: polymorph bat -> goblin
   197 | D:1      | Killed from afar by a dart slug

Skill      XL: |  1  2 |
---------------+-------+-----
Maces & Flails | 3 |  3.0
Fighting       | |  3.4
Armour         | |  0.7
Dodging        | |  2.6

Action                   || total
-------------------------++-------
Melee: Mace              ||    19
  Eat: Chunk             ||     3
Armor: Leather armour    ||     7
Dodge: Dodged            ||    12

Vault maps used:
D:1:      mrwooster_arrival_statue_2, nrook_uturn
